 Dungeon Crawl Stone Soup version 0.31-a0-1009-g454b1f1e0a (webtiles) character file.

Game seed: 2729326466899506824

2 kae the Vexing (level 1, 0/13 HPs)
             Began as a Demonspawn Enchanter on Nov 14, 2023.
             Slain by a kobold
             ... wielding a +0 whip
              (5 damage)
             ... on level 1 of the Dungeon.
             The game lasted 00:00:07 (72 turns).

kae the Vexing (Demonspawn Enchanter)                 Turns: 72, Time: 00:00:08

Health: 0/13       AC:  2    Str:  8    XL:     1   Next: 25%
Magic:  3/3        EV: 12    Int: 16    God:
Gold:   6          SH:  0    Dex: 13    Spells: 4/4 levels left

rFire   . . .        a - +1 dagger
rCold   . . .        (no shield)
rNeg    . . .        b - +0 robe
rPois   .            (no helmet)
rElec   .            (no cloak)
rCorr   .            (no gloves)
SInv    .            (no boots)
Will    .....        (no amulet)
Stlth   ++           (no ring)
HPRegen 0.22/turn    (no ring)
MPRegen 0.08/turn

%: no passive effects
@: no status effects
A: no striking features
a: no special abilities


You were on level 1 of the Dungeon.
You visited 1 branch of the dungeon, and saw 1 of its levels.

You collected 6 gold pieces.


   Skills:
 * Level 1.0 Short Blades
 - Level 1.7 Dodging
 + Level 2.7 Stealth
 + Level 2.0 Spellcasting
 * Level 3.0 Hexes


You had 4 spell levels left.
You didn't know any spells.
Your spell library contained the following spells:

 Spells                   Type           Power      Damage    Failure   Level
 Ensorcelled Hibernation  Hex/Ice        12%        N/A       17%         2
 Confusing Touch          Hex            11%        N/A       19%         3
 Tukima's Dance           Hex            11%        N/A       19%         3
 Dazzling Flash           Conj/Hex       12%        N/A       32%         3

Inventory:

Hand Weapons
 a - a +1 dagger (weapon)
Armour
 b - a +0 robe (worn)
Potions
 c - 2 potions of invisibility

Dungeon Overview and Level Annotations

Branches:
Dungeon (1/15) Zot: 5925

Altars:

# ##.~~≈ #.#..~~≈ .
#.#.~~~#####
..##..[.~##...## ≈≈≈≈≈
......~~~#..>..#≈≈≈≈≈≈≈
#.##..~~≈#.....#≈≈≈≈≈≈≈≈
#.....~~~#.....#≈≈≈≈≈≈≈≈≈≈
####...~K##...##≈≈≈≈≈≈≈≈≈≈
#....K@##'##~~≈≈≈≈≈≈≈≈≈
#....g......~~≈≈≈≈≈≈≈≈
#............~~≈≈≈~~###
#............~~~~~~##..
#....~~.......~~...#...
......~~~~~.........'...
.....~~≈~≈~.........#...
....~~≈~≈≈~~~......~##..
#..~~~≈≈≈≈~.....~~~~###


You could see a hobgoblin and 2 kobolds.


Message History

You enter the shallow water.
Moving in this stuff is going to be slow.
A bat is nearby!
A bat is nearby!
You barely miss the bat. The bat hits you but does no damage.
Your unstable footing causes you to fumble your attack.
The bat barely misses you.
A bat is nearby!
No reachable target in view!
No reachable target in view!
A bat is nearby!
No reachable target in view!
No reachable target in view!
No reachable target in view!
No reachable target in view!
No reachable target in view!
No reachable target in view!
The bat hits you but does no damage. The bat closely misses you.
You closely miss the bat. The bat barely misses you.
You hit the bat. The bat hits you but does no damage.
The bat closely misses you.
You closely miss the bat. The bat hits you but does no damage.
The bat closely misses you.
You hit the bat.
You kill the bat!
No target in view!
No target in view!
No target in view!
No target in view!
No target in view!
No target in view!
You now have 6 gold pieces.
You open the door.
A quokka comes into view.
Found an escape hatch in the floor.
There is an open door here.
The quokka closely misses you.
A quokka is nearby!
You closely miss the quokka. The quokka barely misses you.
You hit the quokka but do no damage. The quokka closely misses you.
A quokka is nearby!
You barely miss the quokka. The quokka barely misses you.
You hit the quokka. The quokka barely misses you.
A quokka is nearby!
You hit the quokka. The quokka barely misses you. x2
You hit the quokka.
You kill the quokka!
Your Short Blades skill increases to level 1!
There is an open door here.
You open the door.
Found an escape hatch in the floor.
No target in view!
No target in view!
There is an open door here.
There is an open door here.
A kobold comes into view. It is wielding a +0 whip.
A kobold is nearby!
A kobold is nearby!
You enter the shallow water.
Moving in this stuff is going to be slow.
A hobgoblin comes into view.
The kobold shouts!
The hobgoblin shouts!
There are monsters nearby!
Your unstable footing causes you to fumble your attack.
You closely miss the kobold.
The kobold splashes around in the water.
A kobold comes into view. It is wielding a +0 dagger.
There are monsters nearby!
You closely miss the kobold.
The kobold splashes around in the water.
You miss the kobold.
The kobold shouts!
The kobold closely misses you.
Your unstable footing causes you to fumble your attack.
The kobold hits you with a +0 whip.
You barely miss the kobold.
The kobold splashes around in the water. 😕 HP[-3]
You take 3 damage, and now have 10/13 hp.
MASSIVE DAMAGE!! (PAUSE) 😕 HP[+1]
You closely miss the kobold. The kobold hits you with a +0 whip.
You are too injured to fight recklessly! 😮 HP[-4]
You take 4 damage, and now have 7/13 hp.
MASSIVE DAMAGE!! (PAUSE)
You closely miss the kobold. The kobold barely misses you.
Unknown command.
You hit the kobold but do no damage. The kobold barely misses you.
You barely miss the kobold. The kobold hits you with a +0 whip.
* * * LOW HITPOINT WARNING * * *
The kobold closely misses you. 😨 HP[-2]
You take 2 damage, and now have 5/13 hp.
Unknown command.
You closely miss the kobold.
The kobold splashes around in the water.
The kobold closely misses you.
You closely miss the kobold. The kobold hits you with a +0 whip.
You die...

Skill      XL: |  1 |
---------------+----+-----
Short Blades   | 1 |  1.0
Dodging        | |  1.7
Stealth        | |  2.7
Spellcasting   | |  2.0
Hexes          | |  3.0

Action                     || total
---------------------------++-------
  Melee: Dagger            ||    24
 Armour: Robe              ||     8
  Dodge: Dodged            ||    17

Levels and vault maps discovered:
D:1:      minmay_arrival_shoal_huts, layout_basic

Notes
Turn   | Place    | Note
-------+----------+-------------------------------------------
     0 | D:1      | kae the Demonspawn Enchanter began the quest for the Orb.
     0 | D:1      | Reached XP level 1. HP: 13/13 MP: 3/3
     0 | D:1      | magus.rc [v1.11.3]
    37 | D:1      | Reached skill level 1 in Short Blades
    72 | D:1      | Slain by a kobold

Vanquished Creatures
  A quokka (D:1)
  A bat (D:1)
2 creatures vanquished.

Table legend:
 A = Non-vault XP
 B = Vault XP
 C = Vault XP percentage of total XP
 D = Non-vault monster count
 E = Vault monster count
 F = Vault count percentage of total count
                 A         B        C        D         E       F
            +---------+---------+-------+---------+---------+-------
      Total |       3 |       0 |   0.0 |       2 |       0 |   0.0
            +---------+---------+-------+---------+---------+-------
        D:1 |       3 |       0 |   0.0 |       2 |       0 |   0.0
            +---------+---------+-------+---------+---------+-------

Skill      XL: |  1 |
---------------+----+-----
Short Blades   | 1 |  1.0
Dodging        | |  1.7
Stealth        | |  2.7
Spellcasting   | |  2.0
Hexes          | |  3.0

Action                     || total
---------------------------++-------
  Melee: Dagger            ||    24
 Armour: Robe              ||     8
  Dodge: Dodged            ||    17

Illustrated notes

Table legend:
 A = Kills in this place as a percentage of kills in the entire game.
 B = Kills by you in this place as a percentage of kills by you in the entire game.
 C = Kills by friends in this place as a percentage of kills by friends in the entire game.
 D = Other kills in this place as a percentage of other kills in the entire game.
 E = Experience gained in this place as a percentage of experience gained in the entire game.
 F = Experience gained in this place divided by the number of levels of this place that you have seen.
                   A       B       C       D       E      F
               +-------+-------+-------+-------+-------+----------------------
         Total | 100.0 | 100.0 |   N/A |   N/A | 100.0 |   3.0
       Dungeon | 100.0 | 100.0 |   N/A |   N/A | 100.0 |   3.0
               +-------+-------+-------+-------+-------+----------------------

Table legend: (Time is in decaauts)
 A = Elapsed time spent in this place.
 B = Non-inter-level travel time spent in this place.
 C = Inter-level travel time spent in this place.
 D = Time resting spent in this place.
 E = Time spent auto-exploring this place.
 F = Levels seen in this place.
 G = Mean time per level.
                   A        B        C        D        E       F      G
               +--------+--------+--------+--------+--------+-----+--------+
         Total |     74 |     74 |      0 |      0 |     32 |   1 |   74.0 |
       Dungeon |     74 |     74 |      0 |      0 |     32 |   1 |   74.0 |
               +--------+--------+--------+--------+--------+-----+--------+

Top non-repeatable levels by time:
     D:1: 74 daAuts
